AoeStats
← Heredero

MegaRandom

509473887Analyzed
2v2 RM · 5d ago on Sep 26, 2026· 48m 31s· 4 players
Game mode
Random Map
Map size
Medium (4 player)
Population
200
Speed
Normal
Resources
Standard
Victory
Conquest
Starting age
Dark Age
Ending age
Imperial Age
RankedLock teamsTeams togetherTeam positionsShared explorationLock speedFull tech treeHidden civsTurbo modeCheats
Victory
Defeat
🇺🇸 Varangians · United States
1355
+14
🇦🇷 Italians · Argentina
1322
+15
🇦🇷 Berbers · Argentina
1316
-15
🇨🇱 Ethiopians · Chile
1308
-14
Heredero
7:42 Loom
9:58 Feudal Age
10:59 Double-Bit Axe
10:57 Horse Collar
20:42 Castle Age
19:35 Bloodlines
22:07 Fletching
22:48 Bodkin Arrow
26:32 Padded Archer Armor
33:12 Ballistics
36:05 Town Watch
39:54 Leather Archer Armor
Vito
2:06 Loom
10:00 Feudal Age
15:21 Fletching
15:33 Padded Archer Armor
24:33 Castle Age
25:13 Bodkin Arrow
25:01 Crossbowman
29:08 Double-Bit Axe
30:36 Town Watch
37:34 Ballistics
39:23 Scale Mail Armor
39:39 Leather Archer Armor
48:17 Imperial Age
49:18 Imperial Age
CMCHJK
9:53 Feudal Age
13:41 Castle Age
11:39 Double-Bit Axe
12:43 Stone Mining
12:34 Horse Collar
14:51 Heavy Plow
15:05 Bow Saw
15:05 Loom
23:23 Forging
25:28 Scale Barding Armor
27:00 Wheelbarrow
27:45 Gold Mining
28:58 Iron Casting
32:50 Bloodlines
32:41 Husbandry
33:37 Chain Barding Armor
41:40 Imperial Age
41:08 Hand Cart
43:47 Blast Furnace
43:38 Plate Barding Armor
42:38 Elite Jarl
43:58 Town Watch
46:36 Heavy Plow
47:37 Two-Man Saw
48:05 Conscription
Hurut
6:43 Loom
8:45 Feudal Age
9:20 Man-at-Arms
10:48 Double-Bit Axe
15:41 Fletching
16:46 Arson
21:12 Castle Age
20:03 Gold Mining
21:14 Padded Archer Armor
20:58 Horse Collar
22:21 Wheelbarrow
21:16 Crossbowman
22:32 Bodkin Arrow
27:05 Leather Archer Armor
29:39 Hand Cart
29:57 Ballistics
30:49 Stone Mining
32:20 Town Watch
34:04 Hand Cart
36:41 Bow Saw
39:48 Imperial Age
40:22 Thumb Ring
41:46 Arbalester
43:30 Chemistry
42:43 Bracer
43:13 Ring Archer Armor
43:21 Heavy Plow
Connection lost

Rejoining the realm…

Still unreachable

The connection could not be restored.

Session expired

The server has moved on; the page needs a fresh start.